 Dungeon Crawl Stone Soup version 0.31-a0-115-g4708a659fe (webtiles) character file.

Game seed: 3682181155479359538

46 wilfster70 the Magician (level 3, -5/25 HPs)
             Began as a Djinni Ice Elementalist on May 29, 2023.
             Slain by Robin
             ... wielding a +3 mace of protection
              (6 damage)
             ... on level 1 of the Dungeon.
             The game lasted 00:03:15 (1166 turns).

wilfster70 the Magician (Djinni Ice Elementalist)   Turns: 1166, Time: 00:03:16

Health: -5/25      AC:  2    Str:  7    XL:     3   Next: 95%
Gold:   94         EV: 12    Int: 18    God:
                   SH:  0    Dex: 13

rFire   + + .        a - +3 whip (freeze)
rCold   x . .        (no shield)
rNeg    . . .        b - +0 robe
rPois   ∞            (no helmet)
rElec   .            (no cloak)
rCorr   .            (no gloves)
SInv    .            (boots unavailable)
Will    .....        (no amulet)
Stlth   ++           (no ring)
HPRegen 0.24/turn    (no ring)
MPRegen 0.00/turn

%: infuse magic (-6 HP)
@: flying
A: sickness immunity, fire resistance 2, cold vulnerability 1, float, innate
caster, HP casting, extra vitality 1
a: no special abilities


You were on level 1 of the Dungeon.
You visited 1 branch of the dungeon, and saw 2 of its levels.

You collected 94 gold pieces.

Inventory:

Hand Weapons
 a - a +3 whip of freezing (weapon)
Armour
 b - a +0 robe (worn)
 d - a +0 buckler
Scrolls
 e - a scroll of amnesia {unknown}
 h - 2 scrolls of summoning
Potions
 c - a potion of mutation


   Skills:
 + Level 3.0 Dodging
 + Level 2.3 Stealth
 + Level 3.6 Spellcasting
 + Level 3.6 Conjurations
 + Level 3.6 Hexes
   Level 0.0 Charms
 + Level 3.6 Summonings
 + Level 3.6 Necromancy
 + Level 3.6 Translocations
 + Level 3.6 Transmutations
 + Level 3.6 Fire Magic
 + Level 3.6 Ice Magic
 + Level 3.6 Air Magic
 + Level 3.6 Earth Magic
 + Level 3.6 Poison Magic


You knew the following spells:

 Your Spells              Type           Power      Damage    Failure   Level
a - Freeze                Ice            64%        1d7       3%          1
b - Frozen Ramparts       Ice            32%        1d5       11%         3
c - Ozocubu's Armour      Ice            16%        N/A       11%         3
d - Summon Ice Beast      Ice/Summ       16%        N/A       34%         4
e - Magic Dart            Conj           64%        1d6       3%          1
Your spell library was empty.

Dungeon Overview and Level Annotations

Branches:
Dungeon (2/15)

Altars:

Annotations:
D:1 Robin
D:2 Natasha


Innate Abilities, Weirdness & Mutations

You are immune to sickness and miasma.
You are immune to poison.
Your flesh is very heat resistant. (rF++)
You are vulnerable to cold. (rC-)
You float through the air rather than walking.
You learn spells naturally, not from books.
Your magical power is your life essence.
You have superior vitality. (+4 MHP)


Message History

There is a stone staircase leading down, spattered with blood here.
Things that are here:
a +0 dagger; a frilled lizard skeleton You now have 94 gold pieces (gained 29).
Items here: ( ))))) [ ††.
There is a stone staircase leading down, spattered with blood here.
Things that are here:
a +0 dagger; a frilled lizard skeleton You start resting.
HP restored.
You fly downwards.
Level annotation: Natasha, Robin The hobgoblin closely misses you.
The goblin hits you but does no damage.
Robin hits you with a +3 mace of protection.
Robin roars a battlecry!
The goblins go into a battle-frenzy!
The hobgoblin barely misses you. The goblin hits you with a +0 club.
There is a stone staircase leading up here.
The goblin hits you with a +0 club. The hobgoblin hits you.
Robin hits you with a +3 mace of protection.
You fly upwards.
There is a stone staircase leading down, spattered with blood here.
Things that are here:
a +0 dagger; a frilled lizard skeleton You miss the goblin.
Your punch misses the goblin.
Robin hits you with a +3 mace of protection.
The hobgoblin misses you. The goblin hits you but does no damage.
You hit the goblin. You freeze the goblin.
The goblin is severely wounded.
Robin hits you with a +3 mace of protection!
* * * LOW HITPOINT WARNING * * *
The hobgoblin barely misses you. The goblin closely misses you.
You hit the goblin. You freeze the goblin.
You kill the goblin!
Robin hits you with a +3 mace of protection.
* * * LOW HITPOINT WARNING * * *
The hobgoblin barely misses you.
It was a potion of magic.
Magic washes over you without effect.
Robin hits you with a +3 mace of protection.
You die...

......####......##..####.##.#
#.....# ####.#........#....#
##..)## #.##.##.##...####
###)# #.##....######
####.#### #.##.#### ........#
#.##.# ####(##.# #.##.#
.###.##.# #.##)# .....##.#
#.##@######## .##..##.#
#.##gg......#
.##..##.#####.#########.#
.##.............# #####.#####
.##.###########.# #.........#
.##.# #.# #.#######.# ....#
#.# #.# #.# ###.# #.###.# #.#
#.# #.....# #.#


You could see Robin and a hobgoblin (strong).

Vanquished Creatures
  An adder (D:1)
  2 endoplasms (D:1)
  A giant cockroach (D:1)
  10 goblins (D:1)
  6 hobgoblins (D:1)
  4 kobolds (D:1)
  3 bats (D:1)
  3 frilled lizards (D:1)
  2 rats (D:1)
32 creatures vanquished.

Notes
Turn   | Place    | Note
-------+----------+-------------------------------------------
     0 | D:1      | wilfster70 the Djinni Ice Elementalist began the quest for
                  | the Orb.
     0 | D:1      | wilfster70 set off with the following spells memorised:
                  | Freeze, Frozen Ramparts, Ozocubu's Armour, Summon Ice
                  | Beast.
     0 | D:1      | Reached XP level 1. HP: 15/15 MP: 0/0
   220 | D:1      | Reached XP level 2. HP: 17/21 MP: 0/0
   864 | D:1      | Reached XP level 3. HP: 18/25 MP: 0/0
   864 | D:1      | Learned a level 1 spell: Magic Dart
   897 | D:2      | Noticed Natasha
  1024 | D:2      | Noticed Robin
  1165 | D:1      | HP: 1/25 [Robin/+3 mace of protection (2)]
  1166 | D:1      | Slain by Robin

Illustrated notes

Levels and vault maps discovered:
D:1:      lightli_arrival_noodles, layout_loops_ring, minmay_misc_feat_x,
          minmay_octomino_j4
D:2:      cheibrodos_old_hovel, layout_rooms, serial_bayou_lake_a, uniq_sigmund,
          uniq_natasha, uniq_robin

Skill      XL: |  1  2  3 |
---------------+----------+-----
Stealth        | 2 |  2.3
Dodging        | 3 |  3.0
Spellcasting   | |  3.6
Conjurations   | |  3.6
Hexes          | |  3.6
Summonings     | |  3.6
Necromancy     | |  3.6
Translocations | |  3.6
Transmutations | |  3.6
Fire Magic     | |  3.6
Ice Magic      | |  3.6
Air Magic      | |  3.6
Earth Magic    | |  3.6
Poison Magic   | |  3.6

Action                     || total
---------------------------++-------
  Melee: Spear             ||     3
         Whip              ||    53
   Cast: Freeze            ||    10
    Use: Scroll            ||     4
         Potion            ||     1
   Stab: Sleeping          ||     2
 Armour: Robe              ||    19
  Dodge: Dodged            ||    49

Table legend: (Time is in decaauts)
 A = Elapsed time spent in this place.
 B = Non-inter-level travel time spent in this place.
 C = Inter-level travel time spent in this place.
 D = Time resting spent in this place.
 E = Time spent auto-exploring this place.
 F = Levels seen in this place.
 G = Mean time per level.
                   A        B        C        D        E       F      G
               +--------+--------+--------+--------+--------+-----+--------+
         Total |   1178 |   1164 |     14 |    310 |    481 |   2 |  589.0 |
       Dungeon |   1178 |   1164 |     14 |    310 |    481 |   2 |  589.0 |
               +--------+--------+--------+--------+--------+-----+--------+

Top non-repeatable levels by time:
     D:1: 1128 daAuts
     D:2: 50 daAuts
